Map: Prion Terraces

Players

Miltreta - Winner!

  • Race: Terran Terran

A.I. 1 (Hard)

  • Race: Zerg Zerg

VOD

Have the link to the VOD?

Description

Time

  • Played on: March 5, 2016, 8:36 p.m.
  • Length: 23:09
Show
View Real Time Build Order
Export as new Build Order

Miltreta Terran - Winner!

Build Orders:  

Get SALT Encoding   

  12  0:02  SCV  
  13  0:17  SCV  
  14  0:29  SCV  
  14  0:31  Supply Depot  
  15  0:44  Supply Depot  
  15  0:53  SCV  
  16  0:59  Barracks  
  16  1:05  SCV  
  16  1:08  Barracks  
  17  1:15  Refinery  
  17  1:17  SCV  
  18  1:33  SCV  
  19  1:45  SCV, Refinery  
  20  1:55  Marine  
  20  1:58  Barracks Tech Lab  
  21  2:10  Bunker  
  21  2:12  Supply Depot, Orbital Command  
  21  2:13  Marine  
  22  2:39  Marauder  
  24  3:00  Marauder  
  24  3:02  Barracks Reactor  
  26  3:18  Command Center  
  26  3:21  Marauder  
  26  3:22  Concussive Shells  
  28  3:33  SCV  
  29  3:47  Engineering Bay  
  29  3:48  Supply Depot  
  29  3:51  Orbital Command  
  29  4:28  Marine  
  29  4:29  Reaper  
  33  4:31  Marauder  
  33  4:39  Supply Depot  
  33  4:45  Planetary Fortress  
  33  4:46  Reaper  
  36  4:53  Marauder  
  36  5:01  Reaper  
  36  5:03  Factory  
  37  5:13  Refinery  
  39  5:14  Marauder  
  39  5:18  Marine  
  39  5:19  SCV  
  41  5:32  SCV  
  41  5:33  Marine  
  45  5:35  Marauder  
  45  5:44  SCV  
  48  5:57  Marauder  
  48  6:50  Factory Tech Lab  
  48  6:52  Marauder  
  48  6:53  Marine  
  48  6:54  Marine  
  52  6:55  Combat Shields  
  52  6:58  Terran Infantry Weapons Level 1  
  52  7:01  SCV  
  53  7:11  Marine x2  
  53  7:13  SCV, Marauder  
  58  7:16  Factory  
  58  7:20  Armory  
  58  7:25  SCV  
  59  7:35  Marauder  
  61  7:37  SCV  
  62  7:49  SCV  
  63  7:56  Marauder  
  63  7:57  Command Center  
  65  8:01  Siege Tank  
  65  8:02  SCV  
  69  8:14  Stimpack  
  69  8:20  Factory Tech Lab  
  69  8:22  Terran Vehicle Weapons Level 1  
  69  8:30  Supply Depot  
  69  8:33  Marauder  
  74  8:52  Terran Infantry Armor Level 1  
  74  8:54  Siege Tank  
  48  9:58  Reaper x2  
  50  10:01  Marauder  
  50  10:02  Siege Tank  
  55  10:08  Thor  
  55  10:14  SCV, Refinery  
  62  10:22  Marauder  
  62  10:26  SCV  
  65  10:30  Reaper x2  
  65  10:34  Siege Tank  
  70  10:38  SCV  
  71  10:44  Marauder  
  73  10:50  SCV  
  73  10:51  Thor  
  80  11:01  Marine  
  80  11:02  Marine  
  80  11:03  SCV  
  83  11:05  Marauder  
  83  11:07  Hellbat  
  87  11:12  Starport  
  87  11:19  Marine x2  
  89  11:28  Hellbat  
  91  11:49  Hellbat  
  79  12:57  Medivac  
  78  13:27  Medivac  
  78  13:57  Medivac  
  75  14:11  Reaper x2  
  75  14:13  Marauder  
  75  14:15  Thor  
  85  14:35  Marauder  
  87  14:43  Reaper x2  
  89  14:56  Marauder  
  89  14:58  Siege Tank  
  89  15:15  Reaper x2  
  89  15:17  Marauder  
  92  15:30  Siege Tank  
  95  15:39  Marauder  
  94  16:02  Cyclone  
  96  16:09  Reaper x2  
  96  16:34  Cyclone  
  72  18:52  Refinery  
  72  18:55  Refinery  
  70  19:06  Command Center  
  69  20:29  Hellion  
  71  20:50  Hellion  
  75  21:11  Hellion  
  77  21:33  Hellion  
  73  21:54  Hellion  
Show
View Real Time Build Order
Export as new Build Order

A.I. 1 (Hard) Zerg 

Build Orders: Hatch First 

Get SALT Encoding   

  12  0:00  Drone  
  13  0:12  Overlord  
  13  0:17  Drone  
  14  0:30  Drone  
  14  0:32  Drone  
  14  0:34  Drone  
  17  0:57  Hatchery, Drone  
  17  1:12  Spawning Pool, Drone  
  17  1:15  Drone  
  18  1:20  Extractor, Drone  
  18  1:27  Overlord  
  18  1:38  Drone  
  19  1:58  Queen  
  19  1:59  Zergling x2  
  19  2:00  Zergling x2  
  19  2:01  Roach Warren  
  22  2:08  Extractor  
  22  2:09  Drone  
  22  2:10  Drone  
  23  2:26  Drone  
  24  2:37  Overlord  
  24  2:41  Roach  
  24  2:42  Roach x2  
  24  2:43  Roach  
  32  2:52  Drone  
  32  2:55  Drone  
  34  2:59  Lair  
  34  3:16  Extractor  
  34  3:17  Drone  
  34  3:20  Drone  
  34  3:24  Drone  
  36  3:30  Overlord  
  36  3:35  Drone  
  36  3:39  Drone  
  38  3:46  Evolution Chamber  
  38  3:47  Drone  
  38  3:54  Ravager  
  38  3:55  Evolution Chamber  
  38  3:57  Drone  
  38  4:00  Hydralisk Den  
  38  4:02  Drone  
  39  4:17  Overlord, Drone  
  40  4:27  Drone  
  40  4:28  Drone  
  40  4:29  Hydralisk  
  44  4:32  Drone  
  44  4:35  Drone  
  44  4:38  Drone  
  47  4:41  Drone  
  47  4:43  Hydralisk  
  47  4:44  Drone  
  51  4:46  Drone  
  51  4:51  Overlord  
  52  4:54  Drone  
  52  4:56  Hydralisk, Drone  
  56  5:02  Drone  
  56  5:05  Zerg Melee Weapons Level 1  
  57  5:07  Drone  
  57  5:11  Drone  
  57  5:13  Drone  
  60  5:14  Drone  
  60  5:15  Overlord  
  60  5:18  Drone  
  62  5:25  Drone  
  62  5:27  Zerg Ground Armor Level 1  
  63  5:29  Drone  
  64  5:36  Drone  
  64  5:39  Drone  
  64  5:40  Muscular Augments  
  66  5:43  Drone  
  66  5:45  Drone  
  66  5:46  Overlord  
  66  5:48  Drone  
  69  5:51  Burrow  
  69  5:53  Roach  
  71  6:05  Overlord  
  71  6:07  Roach  
  73  6:16  Overseer  
  73  6:18  Overseer  
  73  6:21  Roach  
  73  6:22  Extractor  
  73  6:23  Overlord, Drone  
  75  6:27  Baneling Nest  
  75  6:29  Spore Crawler, Drone  
  74  6:32  Spore Crawler  
  74  6:33  Drone  
  74  6:34  Roach  
  74  6:36  Spore Crawler  
  74  6:37  Drone  
  76  6:41  Spore Crawler, Drone  
  76  6:44  Drone  
  77  6:47  Hydralisk, Drone  
  77  6:48  Ravager x2  
  77  6:49  Drone  
  83  6:54  Overlord  
  83  6:57  Spine Crawler  
  83  6:59  Zerg Missile Weapons Level 1  
  83  7:01  Hydralisk, Spine Crawler  
  81  7:05  Spine Crawler, Drone  
  83  7:08  Drone  
  83  7:09  Spine Crawler  
  83  7:13  Queen  
  85  7:16  Drone  
  85  7:18  Queen  
  85  7:19  Roach  
  90  7:23  Infestation Pit  
  90  7:24  Drone  
  90  7:32  Spire, Roach  
  90  7:33  Drone  
  92  7:45  Hydralisk  
  94  8:56  Overlord, Mutalisk  
  94  8:57  Pneumatized Carapace, Overseer  
  94  8:59  Mutalisk  
  94  9:02  Zergling x2  
  99  9:03  Hatchery  
  99  9:05  Zergling x2  
  99  9:08  Mutalisk  
  101  9:11  Mutalisk  
  101  9:14  Zergling x2  
  101  9:16  Overlord  
  96  9:17  Zergling x2  
  96  9:20  Queen  
  96  9:21  Zergling x2  
  96  9:24  Zergling x2  
  92  9:26  Zergling x2  
  92  9:30  Zergling x2  
  90  9:32  Metabolic Boost, Mutalisk  
  90  9:35  Mutalisk  
  90  9:38  Mutalisk  
  90  9:40  Hive  
  90  9:41  Mutalisk  
  90  9:44  Zergling x2  
  83  9:45  Zerg Melee Weapons Level 2  
  83  9:47  Zergling x2  
  83  9:50  Baneling  
  83  9:51  Zergling x2  
  85  9:54  Baneling x2, Zergling x2  
  85  9:57  Baneling  
  86  10:00  Centrifical Hooks  
  86  10:16  Drone, Queen  
  86  10:18  Drone  
  86  10:19  Drone  
  91  10:22  Zerg Ground Armor Level 2  
  91  10:24  Extractor  
  91  10:25  Spore Crawler  
  91  10:26  Spore Crawler  
  91  10:27  Drone  
  89  10:28  Extractor  
  89  10:30  Drone  
  89  10:38  Hatchery  
  89  10:39  Drone  
  89  10:46  Zerg Flyer Weapons Level 1, Drone  
  89  10:48  Drone  
  89  10:49  Drone  
  92  10:50  Spine Crawler  
  92  10:51  Drone  
  92  10:52  Drone  
  92  10:53  Spine Crawler, Viper  
  92  10:54  Drone  
  96  11:14  Ultralisk Cavern  
  95  11:51  Drone, Queen  
  95  11:52  Drone  
  100  11:54  Drone  
  100  11:55  Drone  
  100  11:57  Drone  
  100  11:58  Drone  
  100  12:00  Extractor  
  100  12:01  Zerg Missile Weapons Level 2, Drone  
  103  12:03  Spore Crawler, Drone  
  103  12:06  Spore Crawler, Drone  
  103  12:15  Extractor  
  102  12:17  Drone  
  103  12:23  Corruptor  
  105  12:31  Infestor  
  105  12:32  Spine Crawler  
  105  12:33  Drone  
  95  12:37  Spine Crawler  
  95  12:38  Corruptor, Drone  
  95  12:41  Zerg Flyer Armor Level 1  
  95  12:43  Roach  
  85  12:46  Zergling x2  
  86  12:53  Corruptor  
  88  13:00  Infestor  
  88  13:01  Pathogen Glands  
  86  13:07  Queen  
  86  13:10  Zerg Melee Weapons Level 3  
  84  13:16  Zergling x2  
  84  13:19  Spine Crawler  
  78  13:20  Drone  
  78  13:21  Drone  
  78  13:23  Corruptor, Drone  
  78  13:24  Drone  
  78  13:26  Drone  
  77  13:27  Drone  
  77  13:29  Drone  
  77  13:30  Drone, Infestor  
  77  13:34  Drone x2  
  80  13:35  Drone  
  80  13:37  Corruptor  
  80  13:40  Drone  
  77  13:44  Drone  
  77  13:45  Overseer, Zergling x2, Drone  
  77  13:47  Overseer, Drone  
  75  13:48  Drone  
  75  13:49  Overlord  
  75  13:50  Drone  
  75  13:51  Drone  
  75  13:55  Drone  
  74  13:57  Drone  
  74  13:58  Drone  
  74  14:00  Drone, Queen  
  74  14:01  Drone  
  75  14:03  Corruptor, Drone  
  75  14:04  Drone  
  75  14:06  Drone  
  75  14:07  Overlord, Drone  
  76  14:11  Zergling x2  
  76  14:17  Zerg Ground Armor Level 3, Drone  
  77  14:18  Infestor  
  77  14:21  Drone  
  77  14:23  Drone  
  78  14:25  Drone  
  78  14:26  Overlord, Overseer, Drone  
  78  14:28  Drone  
  78  14:29  Drone  
  79  14:35  Zergling x2, Drone  
  79  14:36  Greater Spire  
  79  14:38  Drone  
  77  14:42  Infestor, Drone  
  78  14:47  Drone  
  78  14:50  Drone  
  78  14:54  Drone x2  
  78  14:56  Drone  
  78  14:57  Overlord  
  78  14:58  Queen  
  78  14:59  Zergling x2  
  78  15:02  Drone  
  78  15:05  Infestor, Drone  
  74  15:07  Drone  
  74  15:12  Corruptor, Drone  
  74  15:13  Drone  
  76  15:15  Overlord, Drone  
  76  15:19  Queen  
  76  15:20  Corruptor, Drone  
  75  15:23  Drone  
  75  15:28  Zergling x2  
  74  15:29  Drone  
  74  15:34  Corruptor  
  74  15:35  Overlord  
  76  15:39  Overseer  
  76  15:42  Infestor  
  78  15:48  Hatchery  
  71  15:52  Zergling x2  
  71  15:53  Overlord, Queen  
  71  15:56  Zergling x2  
  71  16:00  Roach  
  71  16:01  Spore Crawler  
  71  16:02  Drone  
  67  16:09  Spore Crawler  
  67  16:11  Drone  
  61  16:12  Drone  
  61  16:15  Zergling x2  
  55  16:18  Zergling x2  
  55  16:20  Hatchery  
  55  16:21  Hatchery  
  47  16:25  Zergling x2  
  47  16:29  Zergling x2  
  47  16:32  Zergling x2  
  47  16:36  Zergling x2  
  46  16:40  Zergling x2  
  46  16:41  Overseer, Drone  
  46  16:43  Roach  
  46  16:46  Mutalisk  
  47  16:49  Overseer  
  47  16:50  Zergling x2  
  48  16:54  Roach  
  48  16:57  Mutalisk  
  47  17:01  Zergling x2  
  47  17:05  Roach  
  47  17:08  Zergling x2  
  47  17:12  Roach  
  49  17:16  Zergling x2  
  49  17:19  Zergling x2  
  44  17:23  Zergling x2  
  44  17:26  Zergling x2  
  41  17:30  Zergling x2, Drone  
  41  17:33  Drone  
  41  17:36  Drone  
  43  17:39  Roach, Drone  
  43  17:40  Drone  
  42  17:46  Drone  
  42  17:48  Drone  
  42  17:51  Drone  
  42  17:54  Drone  
  42  17:56  Drone  
  42  17:57  Drone  
  44  18:02  Drone  
  44  18:05  Drone  
  41  18:08  Drone, Infestor  
  41  18:09  Drone  
  36  18:25  Drone  
  37  18:29  Overlord  
  37  18:30  Drone x2  
  37  18:32  Drone  
  37  18:34  Overseer, Drone  
  37  18:35  Drone  
  31  18:51  Drone  
  30  19:00  Hatchery  
  29  19:07  Drone  
  29  19:09  Drone  
  30  19:12  Spawning Pool, Drone  
  28  19:30  Drone  
  27  19:50  Drone  
  25  19:56  Drone  
  25  20:14  Drone  
  23  20:18  Drone  
  23  20:20  Drone  
  24  20:27  Drone  
  25  20:28  Drone  
  25  20:33  Overlord  
  24  20:40  Drone  
  24  20:41  Drone  
  24  20:47  Drone  
  23  20:52  Drone  
  23  20:56  Drone  
  23  20:57  Drone  
  23  21:04  Drone  
  24  21:09  Overlord  
  21  21:14  Drone  
  19  21:19  Drone  
  19  21:20  Drone  
  18  21:27  Hatchery  
  18  21:30  Drone  
  9  21:48  Hatchery  
  9  21:51  Spawning Pool  
Tags
 
Add a new tag
Caveats
  • Supply blocks, unpowered buildings, or Contaminate may cause inaccurate times.
  • Supply counts are checked every 10 seconds.